 Dungeon Crawl Stone Soup version 0.27.1-33-g824d729ab1 (webtiles) character file.

Game seed: 16675382293598141225

50 daervis the Skirmisher (level 3, -2/36 HPs)
             Began as a Gargoyle Berserker on Dec 23, 2021.
             Was a Believer of Trog.
             Slain by Crazy Yiuf (3 damage)
             ... on level 2 of the Dungeon.
             The game lasted 00:07:29 (1746 turns).

daervis the Skirmisher (Gargoyle Berserker)         Turns: 1746, Time: 00:07:29

Health: -2/36      AC:  9    Str: 21    XL:     3   Next: 79%
Magic:  3/3        EV: 11    Int:  7    God:    Trog [**....]
Gold:   75         SH:  0    Dex:  9    Spells: 2/2 levels left

rFire    . . .     SeeInvis .   j - +0 war axe
rCold    . . .     Faith    .   (no shield)
rNeg     + . .     Spirit   .   i - +0 ring mail
rPois    ∞         Reflect  .   (no helmet)
rElec    +         Harm     .   (no cloak)
rCorr    .         Rampage  .   a - +0 pair of gloves
Will     .....                  (no boots)
Stlth    ..........             (no amulet)
HPRegen  0.12/turn              (no ring)
MPRegen  0.08/turn              (no ring)

@: berserking, very quick
A: sickness immunity, AC +3, negative energy resistance 1, electricity
resistance, torment resistance 1, petrification resistance
a: Renounce Religion, Berserk, Trog's Hand


You were on level 2 of the Dungeon.
You worshipped Trog.
Trog was pleased with you.
You visited 1 branch of the dungeon, and saw 3 of its levels.

You collected 75 gold pieces.

Inventory:

Hand Weapons
 j - a +0 war axe (weapon)
Armour
 a - a +0 pair of gloves (worn)
 b - a +0 animal skin
 i - a +0 ring mail (worn)
Scrolls
 d - a scroll of fear {unknown}
 e - 2 scrolls of identify {unknown}
 f - a scroll of torment {unknown}
 h - a scroll of vulnerability {unknown}
Potions
 c - a potion of resistance {unknown}
 g - a potion of mutation {unknown}


   Skills:
 + Level 3.7 Fighting
 + Level 3.5 Axes
 + Level 2.4 Armour
 - Level 1.5 Dodging
 * Level 1.4 Stealth


You had 2 spell levels left.
You didn't know any spells.
Your spell library was empty.

Dungeon Overview and Level Annotations

Branches:
Dungeon (3/15)

Altars:

Annotations:
D:2 Crazy Yiuf


Innate Abilities, Weirdness & Mutations

You are immune to sickness and miasma.
Your stone body is resilient. (AC +3)
You are immune to poison.
You resist negative energy. (rN+)
You are resistant to electric shocks. (rElec)
You are resistant to unholy torment.
You are immune to petrification.


Message History

There is an open door here.
You open the door.
There is an open door here.
There is an open door here.
There is an open door here.
There is an open door here.
There is an open door here.
There is a stone staircase leading down here.
There is a stone staircase leading down here.
There is an open door here.
There is an open door here.
Found a mace.
Found a runed translucent door.
Crazy Yiuf shouts!
You open the door. You slash Crazy Yiuf!
Crazy Yiuf is moderately wounded.
Crazy Yiuf hits you with a +4 quarterstaff of chaos.
Crazy Yiuf burns you.
You slash Crazy Yiuf!
Crazy Yiuf is almost dead.
Crazy Yiuf hits you but does no damage.
You hit Crazy Yiuf but do no damage.
Crazy Yiuf is almost dead.
Crazy Yiuf closely misses you.
Crazy Yiuf hits you with a +4 quarterstaff of chaos!
A red film seems to cover your vision as you go berserk!
You feel yourself moving faster!
You feel mighty!
You hit Crazy Yiuf.
Crazy Yiuf is almost dead.
You barely miss Crazy Yiuf.
Crazy Yiuf is almost dead.
Crazy Yiuf hits you with a +4 quarterstaff of chaos!
Crazy Yiuf burns you.
* * * LOW HITPOINT WARNING * * *
You closely miss Crazy Yiuf.
Crazy Yiuf is almost dead.
Crazy Yiuf hits you with a +4 quarterstaff of chaos.
* * * LOW HITPOINT WARNING * * *
Crazy Yiuf burns you.
You die...

#.# ##'## ##...##
##.....## #####
#.......## #)..#
....>....### #...#
.........'.# ...
.........### #g#
#.......## #@##
##.....## ##.#
##...## #.## ##'##
##.# #.#######
##.## #.......#
##P..# ##.#####.#
#..PP# ##...## #.#
#....#
#.....###.#####..##


You could see Crazy Yiuf.

Vanquished Creatures
  An adder (D:2)
  2 dart slugs (D:1)
  6 ball pythons
  3 bats
  3 endoplasms
  3 goblins
  3 hobgoblins (D:1)
  3 jackals (D:1)
  A quokka (D:1)
  2 frilled lizards
  4 kobolds
  3 rats
34 creatures vanquished.

Notes
Turn   | Place    | Note
-------+----------+-------------------------------------------
     0 | D:1      | daervis the Gargoyle Berserker began the quest for the Orb.
     0 | D:1      | Reached XP level 1. HP: 14/14 MP: 1/1
   185 | D:1      | Reached XP level 2. HP: 19/19 MP: 2/2
   212 | D:1      | Noticed a great orb of eyes
   213 | D:1      | Found a faded altar of an unknown god.
   405 | D:1      | Reached skill level 1 in Stealth
   710 | D:1      | Reached XP level 3. HP: 22/23 MP: 3/3
   813 | D:1      | Noticed an eye of devastation
   820 | D:1      | Reached ** piety under Trog
   824 | D:1      | Noticed a great orb of eyes
   825 | D:1      | Noticed a shining eye
  1736 | D:2      | Found a runed translucent door.
  1737 | D:2      | Noticed Crazy Yiuf
  1746 | D:2      | HP: 1/36 [Crazy Yiuf (6)]
  1746 | D:2      | Slain by Crazy Yiuf

Illustrated notes

Levels and vault maps discovered:
D:1:      saegor_arrival_miasma, layout_rooms,
          hellmonk_ecumenical_altar_watching_god
D:2:      layout_loops_corners, serial_glass, glass_columns_a, glass_columns_a,
          glass_columns_a, glass_columns_a, glass_columns_b, item_on_display_a,
          minmay_strange_pillars, feat_on_display, due_unseen_surprise,
          dk_noncrumbling_2, minivault_14, uniq_terence, uniq_crazy_yiuf_cottage
D:3:      layout_rooms, old_standard_altar, serial_shops, nicolae_shop_trees,
          patterned_corridor

Skill      XL: |  1  2 |
---------------+-------+-----
Axes           | 3 |  3.5
Stealth        | 1 |  1.4
Fighting       | |  3.7
Armour         | |  2.4
Dodging        | |  1.5

Action                   || total
-------------------------++-------
Melee: Hand axe          ||    96
       War axe           ||    13
Invok: Berserk           ||     2
 Stab: Sleeping          ||     1
Armor: Robe              ||    34
       Animal skin       ||     2
       Ring mail         ||     6
Dodge: Dodged            ||    70
